 Dungeon Crawl Stone Soup version 0.29.1-12-g30fa7ad0bf (webtiles) character file.

Game seed: 16921052119557682933

576 sankara the Cudgeller (level 7, -13/61 HPs)
             Began as a Minotaur Fighter on Jan 8, 2023.
             Was a Follower of Okawaru.
             Mangled by an ogre
             ... wielding a +0 giant club
              (24 damage)
             ... on level 5 of the Dungeon.
             The game lasted 00:10:02 (4044 turns).

sankara the Cudgeller (Minotaur Fighter)            Turns: 4044, Time: 00:10:02

Health: -13/61     AC: 13    Str: 20    XL:     7   Next: 12%
Magic:  2/2        EV:  5    Int:  7    God:    Okawaru [*.....]
Gold:   254        SH:  5    Dex: 12    Spells: 6/6 levels left

rFire   . . .      SeeInvis .   a - +4 morningstar "Abajinoc" {antimagic, rElec Int+2}
rCold   + . .      Faith    .   c - +0 buckler
rNeg    . . .      Spirit   .   b - +0 plate armour
rPois   .          Reflect  .   (helmet restricted)
rElec   +          Harm     .   (no cloak)
rCorr   .          Rampage  .   (no gloves)
Will    +....                   u - +0 pair of boots
Stlth   ..........              (no amulet)
HPRegen 0.20/turn               q - ring of willpower
MPRegen 0.08/turn               s - ring of protection from cold

@: no status effects
A: horns 2, retaliatory headbutt
a: Renounce Religion, Heroism


You were on level 5 of the Dungeon.
You worshipped Okawaru.
Okawaru was aware of your devotion.
You visited 1 branch of the dungeon, and saw 5 of its levels.

You collected 254 gold pieces.

Inventory:

Hand Weapons
 a - the +4 morningstar "Abajinoc" (weapon) {antimagic, rElec Int+2}
   (You acquired it on level 5 of the Dungeon)

   It reduces the magical energy of the wielder, and disrupts the spells and
   magical abilities of those it strikes.
   Natural abilities and divine invocations are not affected.
   Int:       It affects your intelligence (+2).
   rElec:     It insulates you from electricity.
 g - a +1 flail
Missiles
 h - 8 poisoned darts (quivered)
 y - 4 boomerangs
Armour
 b - a +0 plate armour (worn)
 c - a +0 buckler (worn)
 u - a +0 pair of boots (worn)
Jewellery
 q - a ring of willpower (left hand)
 s - a ring of protection from cold (right hand)
 x - a ring of fire
Wands
 r - a wand of digging (7)
Scrolls
 i - a scroll of amnesia
 k - 2 scrolls of teleportation
 l - a scroll of torment {unknown}
 m - a scroll of magic mapping {unknown}
 p - a scroll of blinking
 v - a scroll of silence {unknown}
Potions
 d - 2 potions of might
 e - a potion of heal wounds
 f - 2 potions of mutation
 j - 2 potions of curing {unknown}
 n - a potion of berserk rage {unknown}
 o - a potion of cancellation {unknown}
 t - a potion of haste {unknown}


   Skills:
 + Level 5.5 Fighting
 * Level 6.3 Maces & Flails
 - Level 1.0 Throwing
 + Level 5.5 Armour
 - Level 5.0 Shields
 + Level 0.1 Invocations


You had 6 spell levels left.
You didn't know any spells.
Your spell library contained the following spells:

 Spells                   Type           Power      Damage    Failure   Level
 Sandblast                Erth           0%         2d4       100%        1
 Passwall                 Tmut/Erth      0%         N/A       100%        2
 Scorch                   Fire           0%         2d5       100%        2
 Gell's Gravitas          Tloc           0%         N/A       100%        3
 Lesser Beckoning         Tloc           0%         N/A       100%        3
 Stone Arrow              Conj/Erth      0%         3d7       100%        3
 Teleport Other           Tloc           0%         N/A       100%        3
 Flame Wave               Conj/Fire      0%         2d4       100%        4
 Summon Cactus Giant      Summ           Unusable   N/A       N/A         6

Dungeon Overview and Level Annotations

Branches:
Dungeon (5/15)
 Temple: D:4-7

Altars:
Okawaru

Annotations:
D:3 1 runed translucent door, Crazy Yiuf


Innate Abilities, Weirdness & Mutations

You have a pair of horns on your head.
You reflexively headbutt those who attack you in melee.


Message History

Found a ring mail.
Found a scroll labelled GASEIN NEANIMN.
Found a garnet ring.
An adder comes into view.
Unknown command.
The adder hisses angrily.
The adder bites you but does no damage.
You puncture the adder!
You kill the adder!
Okawaru accepts your kill.
s - a ring of protection from cold
s - a ring of protection from cold (right hand)
v - a scroll labelled GASEIN NEANIMN You open the door.
There is an open door here.
Found a scroll of vulnerability.
There is an open door here.
You open the door.
There is an open door here.
There is an open door here.
An adder comes into view.
The adder hisses angrily.
You bludgeon the adder!!
You kill the adder!
Okawaru accepts your kill.
You see here an adder corpse.
Found an escape hatch in the ceiling.
An ogre comes into view. It is wielding a +0 giant club.
The ogre shouts!
You hit the ogre.
The ogre is lightly wounded.
The ogre hits you with a +0 giant club!!
Ouch! That really hurt!
* * * LOW HITPOINT WARNING * * *
You puncture the ogre!
The ogre is heavily wounded.
You sock the ogre!
The ogre is severely wounded.
The ogre hits you with a +0 giant club!!
You die...

.....
+###.....#
#.....#
+.....#
#.....#
#.....######
#..........#
#....O.....#
#....@.....#
#..........#
#..........#
#..........#
#......<...#
#.....######
#.....#
#.....#
#.....#


You could see an ogre.

Vanquished Creatures
  An ogre (D:4)
  A centaur (D:5)
  3 jellies
  A hound (D:5)
  2 iguanas (D:4)
  3 orc wizards
  3 gnolls (D:5)
  4 adders
  2 worms
  3 dart slugs
  6 orcs
  9 ball pythons
  6 endoplasms
  5 giant cockroaches
  4 goblins
  6 hobgoblins
  4 jackals (D:1)
  10 kobolds
  7 quokkas
  5 bats
  2 frilled lizards
  7 rats
94 creatures vanquished.

Notes
Turn   | Place    | Note
-------+----------+-------------------------------------------
     0 | D:1      | sankara the Minotaur Fighter began the quest for the Orb.
     0 | D:1      | Reached XP level 1. HP: 19/19 MP: 0/0
    78 | D:1      | Reached XP level 2. HP: 26/27 MP: 1/1
   189 | D:1      | Reached skill level 3 in Maces & Flails
   429 | D:1      | Reached XP level 3. HP: 27/33 MP: 2/2
   951 | D:2      | Found a faded altar of an unknown god.
   953 | D:2      | Found an iron altar of Okawaru.
   967 | D:2      | Became a worshipper of Warmaster Okawaru
  1262 | D:3      | Reached XP level 4. HP: 38/40 MP: 3/3
  1274 | D:2      | Reached skill level 4 in Maces & Flails
  1835 | D:3      | Found a runed translucent door.
  1836 | D:3      | Noticed Crazy Yiuf
  2198 | D:4      | Reached XP level 5. HP: 39/47 MP: 4/4
  2665 | D:4      | You fall into a shaft and drop 1 floor!
  2665 | D:5      | Entered Level 5 of the Dungeon
  2721 | D:4      | Reached skill level 5 in Maces & Flails
  2862 | D:4      | Noticed an ogre
  3090 | D:4      | Killed an ogre
  3091 | D:4      | Reached skill level 5 in Fighting
  3091 | D:4      | Reached skill level 5 in Armour
  3091 | D:4      | Reached XP level 6. HP: 53/56 MP: 5/5
  3644 | D:5      | Identified a scroll of acquirement
  3644 | D:5      | Acquired the +4 morningstar "Abajinoc" {antimagic, rElec
                  | Int+2}
  3861 | D:5      | Reached skill level 5 in Shields
  3888 | D:5      | Reached * piety under Okawaru
  3898 | D:5      | Reached skill level 6 in Maces & Flails
  3898 | D:5      | Reached skill level 1 in Throwing
  3904 | D:5      | Reached XP level 7. HP: 18/61 MP: 2/6
  4044 | D:5      | Mangled by an ogre

Illustrated notes

Levels and vault maps discovered:
D:1:      minmay_arrival_shattered_statue, layout_rooms, nrook_mini_vaults,
          minmay_pentomino_p2
D:2:      layout_rooms, basic_altar, ebering_ecumenical_altar_abandoned
D:3:      layout_loops_ring, uniq_crazy_yiuf_cottage
D:4:      layout_layer_cave, minmay_fractal_squares_diagonal_5
D:5:      kennysheep_big_flooded_room, layout_gridville, kennysheep_mini,
          minmay_temple_entry_mist, gup_sewer_entry_pipe

Skill      XL: |  1  2  3  4  5  6 |
---------------+-------------------+-----
Maces & Flails | 3 4 5 6 |  6.3
Fighting       | 4 5 |  5.5
Armour         | 4 5 |  5.5
Shields        | 4 5 |  5.0
Throwing       | 1 |  1.0
Invocations    | |  0.1

Action                   |  1- 3 |  4- 6 |  7- 9 || total
-------------------------+-------+-------+-------++-------
Melee: Flail             |   113 |    74 |       ||   187
       Headbutt          |    16 |    13 |       ||    29
       Morningstar       |       |    17 |    10 ||    27
Throw: Dart              |       |     6 |       ||     6
Invok: Heroism           |       |       |     1 ||     1
  Use: Scroll            |       |    13 |       ||    13
Armor: Scale mail        |    34 |       |       ||    34
       Plate armour      |    22 |    74 |     5 ||   101
       Chain mail        |     6 |       |       ||     6
Dodge: Dodged            |    40 |    23 |     3 ||    66
Block: Buckler           |    31 |    29 |     1 ||    61
